 Dungeon Crawl Stone Soup version 0.31-a0-692-gf03d1854d5 (webtiles) character file.

Game seed: 10311000602579602434

3155 qw the Skirmisher (level 9, 0/57 HPs)
             Began as a Gargoyle Hunter on Sept 6, 2023.
             Was a Follower of Okawaru.
             Slain by a killer bee (3 damage)
             ... on level 8 of the Dungeon.
             The game lasted 00:03:06 (7151 turns).

qw the Skirmisher (Gargoyle Hunter)                 Turns: 7151, Time: 00:03:07

Health: 0/57       AC: 12    Str: 21    XL:     9   Next: 93%
Magic:  11/12      EV: 18    Int: 10    God:    Okawaru [*.....]
Gold:   0          SH:  0    Dex: 20    Spells: 8/8 levels left

rFire   . . .        Y - +0 arbalest
rCold   + . .        (shield currently unavailable)
rNeg    + . .        a - +0 robe of Classification {rCorr Dex+3 Stlth+}
rPois   inf          f - +2 helmet
rElec   +            m - scarf {repulsion}
rCorr   +            (no gloves)
SInv    .            (no boots)
Will    .....        c - amulet of faith
Stlth   +++++        i - ring of protection from cold
HPRegen 0.29/turn    k - +6 ring of strength
MPRegen 0.13/turn

%: repel missiles, faith
@: heroic
A: sickness immunity, AC +6, negative energy resistance 1, electricity
resistance, torment resistance 1, petrification resistance
a: Renounce Religion, Heroism


You were on level 8 of the Dungeon.
You worshipped Okawaru.
Okawaru was aware of your devotion.
You visited 2 branches of the dungeon, and saw 9 of its levels.
You also visited: Ossuary.


Innate Abilities, Weirdness & Mutations

You are immune to sickness and miasma.
Your stone body is resilient. (AC +6)
You are immune to poison.
You resist negative energy. (rN+)
You are resistant to electric shocks. (rElec)
You are resistant to unholy torment.
You are immune to petrification.


   Skills:
 + Level 7.4(12.4) Fighting
 - Level 11.0(16.0) Ranged Weapons
 - Level 1.0(6.0) Armour
 - Level 4.0(9.0) Dodging
 - Level 1.1(6.1) Stealth
 - Level 4.0 Invocations


You had 8 spell levels left.
You didn't know any spells.
Your spell library was empty.

Inventory:

Hand Weapons
 Y - a +0 arbalest (weapon)
Armour
 a - the +0 robe of Classification (worn) {rCorr Dex+3 Stlth+}
   (You found it on level 4 of the Dungeon)

   Dex+3:     It affects your dexterity (+3).
   rCorr:     It protects you from acid and corrosion.
   Stlth+:    It makes you more stealthy.
 f - a +2 helmet (worn)
 h - a +0 cloak
 m - a scarf of repulsion (worn)
Jewellery
 c - an amulet of faith (around neck)
 i - a ring of protection from cold (left hand)
 k - a +6 ring of strength (right hand)
Scrolls
 b - 2 scrolls of identify
Potions
 d - a potion of enlightenment
 e - a potion of might
 j - 4 potions of curing

Dungeon Overview and Level Annotations

Branches:
Dungeon (8/15)             Temple (1/1) D:5         Ossuary (visited)
   Lair: D:8-11

Altars:
Ashenzari
Cheibriados
Dithmenos
Elyvilon
Fedhas
Gozag
Hepliaklqana
Kikubaaqudgha
Makhleb
Nemelex Xobeh
Okawaru
Qazlal
Ru
Sif Muna
Trog
Uskayaw
Vehumet
Wu Jian
Xom
Yredelemnul
Zin
The Shining One

Annotations:
D:8 Joseph, Prince Ribbit


Message History

An orc comes into view. It is wielding a +0 falchion.
The killer bee stings you but does no damage.
You shoot a bolt. The bolt hits the killer bee!!
You kill the killer bee!
Okawaru accepts your kill. The killer bee closely misses you.
The killer bee stings you.
A bullfrog comes into view.
The killer bee stings you but does no damage.
The killer bee misses you.
Your base Dodging skill increases to level 4!
You shoot a bolt. The bolt misses the killer bee.
The bolt closely misses the kobold brigand.
The jelly quivers.
The bullfrog gives a loud, deep croak!
The bolt hits the killer bee!
The killer bee is moderately wounded.
You hear an angry buzzing noise.
The killer bee barely misses you. The killer bee stings you.
The killer bee misses you. The killer bee completely misses you.
You shoot a bolt. The bolt misses the killer bee.
The bolt hits the kobold brigand.
The kobold brigand is lightly wounded.
The killer bee closely misses you.
The killer bee stings you but does no damage. x2
The killer bee barely misses you.
You shoot a bolt. The bolt hits the killer bee!!
You kill the killer bee!
Okawaru accepts your kill.
A killer bee comes into view.
The killer bee stings you! The killer bee barely misses you.
You shoot a bolt. The bolt closely misses the hornet.
The bolt misses the killer bee.
The bolt hits the centaur!!
You kill the centaur!
Okawaru accepts your kill. The killer bee completely misses you.
The killer bee misses you. The hornet completely misses you.
The killer bee closely misses you.
You shoot a bolt. The bolt hits the hornet.
The hornet is moderately wounded.
The hornet stings you. The killer bee stings you.
You die...

y...#.....
#.####.#
.......y.
#......#
.........
##.#####
......... #..#
........######)##
.........F)..).#
.........#y#####
.......Jy#y#
.......@Ky@#
.......K####
....)....
.........
...F......
....#.....
...=#......


You could see Joseph, a hornet, 2 kobold brigands, a bullfrog, a jelly and 3
killer bees.

Vanquished Creatures
  Maurice (D:8)
  Psyche (D:8)
  2 water moccasins
  Duvessa (D:6)
  2 sky beasts
  An ogre (D:4)
  A phantom (D:4)
  2 centaurs (D:8)
  Blork the orc (D:6)
  A gnoll sergeant (D:6)
  2 scorpions
  3 wights (D:8)
  Dowan (D:6)
  9 killer bees (D:8)
  A howler monkey (D:5)
  2 jellies
  A hound (D:5)
  3 orc priests (D:7)
  3 sleepcaps
  3 gnoll boudas (D:6)
  2 iguanas (D:5)
  5 orc wizards
  4 adders
  15 gnolls
  3 white imps
  An ufetubus (D:5)
  3 worms
  A dart slug (D:5)
  27 orcs
  4 endoplasms
  A giant cockroach (D:1)
  14 goblins
  7 hobgoblins
  6 quokkas
  7 ball pythons
  6 bats
  3 frilled lizards
  8 hobgoblin zombies (Ossuary)
  4 kobolds
  6 kobold zombies (Ossuary)
  6 orc zombies (Ossuary)
  7 rats
181 creatures vanquished.

Notes
Turn   | Place    | Note
-------+----------+-------------------------------------------
     0 | D:1      | qw the Gargoyle Hunter began the quest for the Orb.
     0 | D:1      | Reached XP level 1. HP: 12/12 MP: 1/1
     0 | D:1      | 0 ||| qw: Version: 0.3-a-76-g4403597
     0 | D:1      | 0 ||| qw: Game counter: 185
     0 | D:1      | 0 ||| qw: Melee chars always use a shield: true
     0 | D:1      | 0 ||| qw: God list: Okawaru
     0 | D:1      | 0 ||| qw: Allow faded altars: false
     0 | D:1      | 0 ||| qw: Do Orc after clearing Dungeon:15 true
     0 | D:1      | 0 ||| qw: Do second Lair branch before Depths: true
     0 | D:1      | 0 ||| qw: Lair rune preference: random
     0 | D:1      | 0 ||| qw: Goals: Normal
     0 | D:1      | 0 ||| PLANNING D:1-11
   165 | D:1      | Reached XP level 2. HP: 17/17 MP: 2/2
   799 | D:1      | 799 ||| UPGRADING to +0 cloak.
   804 | D:1      | 804 ||| UPGRADING to +0 ring mail.
   814 | D:1      | 814 ||| DROPPING +0 leather armour.
   815 | D:1      | 815 ||| READING scroll labelled KABBAGRAPARPH.
   816 | D:1      | 816 ||| READING scroll labelled CAWUMN KETU.
   817 | D:1      | 817 ||| READING scroll labelled POSCHO BOEJA.
   820 | D:1      | 820 ||| READING scroll labelled LATAKHL QAVOT.
   834 | D:1      | 834 ||| DRINKING 2 green potions.
   872 | D:1      | 872 ||| DROPPING scroll of butterflies.
   873 | D:1      | 873 ||| DROPPING potion of lignification.
   986 | D:2      | Reached skill level 1 in Armour
   991 | D:2      | Reached XP level 3. HP: 21/21 MP: 3/3
  1499 | D:2      | 1499 ||| UPGRADING to ring of protection from cold.
  1500 | D:2      | 1500 ||| READING scroll labelled LIUTSE GOACW.
  1501 | D:2      | 1501 ||| READING scroll labelled ZIEXKYITSU.
  1502 | D:2      | 1502 ||| READING scroll labelled LUPYMA APSETA.
  1503 | D:2      | 1503 ||| READING scroll labelled IRAPRU XEY.
  1571 | D:3      | Identified the +0 plate armour of Nice Lucidity {rF+ Str+3
                  | SInv}
  1575 | D:3      | Reached skill level 5 in Ranged Weapons
  1678 | D:3      | 1678 ||| Stepping ~*~*~tactically~*~*~ (water).
  1836 | D:3      | Reached XP level 4. HP: 27/27 MP: 4/4
  1849 | D:3      | Reached skill level 3 in Fighting
  2329 | D:3      | 2329 ||| READING scroll labelled KATYIL JUMMUUJ YWN.
  2330 | D:3      | 2330 ||| READING 2 scrolls of identify.
  2330 | D:3      | 2330 ||| IDENTIFYING white potion
  2494 | D:4      | Reached XP level 5. HP: 27/32 MP: 5/5
  2540 | D:4      | Reached skill level 6 in Ranged Weapons
  2745 | D:4      | Identified the +0 robe of Classification {rCorr Dex+3
                  | Stlth+}
  2894 | D:4      | Noticed a phantom
  2911 | D:4      | Killed a phantom
  2912 | D:4      | Reached XP level 6. HP: 33/39 MP: 6/6
  3342 | D:4      | 3342 ||| UPGRADING to +0 robe of Classification {rCorr
                  | Dex+3 Stlth+}.
  3352 | D:4      | 3352 ||| DROPPING +0 ring mail.
  3353 | D:4      | 3353 ||| UPGRADING to amulet of faith.
  3358 | D:4      | 3358 ||| DRINKING 3 dark potions.
  3359 | D:4      | 3359 ||| READING 5 scrolls of identify.
  3359 | D:4      | 3359 ||| IDENTIFYING orange potion
  3360 | D:4      | 3360 ||| READING 4 scrolls of identify.
  3360 | D:4      | 3360 ||| IDENTIFYING puce potion
  3361 | D:4      | 3361 ||| DROPPING potion of degeneration.
  3374 | D:5      | Entered Level 5 of the Dungeon
  3374 | D:5      | Found a staircase to the Ecumenical Temple.
  3375 | D:5      | 3375 ||| PLANNING OSSUARY
  3394 | D:5      | Found a sand-covered staircase.
  3399 | Ossuary  | Entered an ossuary
  3547 | D:5      | 3547 ||| PLANNING TEMPLE
  3555 | Temple   | Entered the Ecumenical Temple
  3556 | Temple   | 3556 ||| PLANNING OKAWARU WORSHIP
  3575 | Temple   | Became a worshipper of Warmaster Okawaru
  3576 | Temple   | 3576 ||| PLANNING D:1-11
  3614 | D:5      | Reached skill level 7 in Ranged Weapons
  3614 | D:5      | Reached XP level 7. HP: 42/44 MP: 7/7
  4004 | D:5      | Reached * piety under Okawaru
  4240 | D:5      | 4240 ||| FLEEEEING.
  4241 | D:5      | 4241 ||| FLEEEEING.
  4242 | D:5      | 4242 ||| FLEEEEING.
  4243 | D:5      | 4243 ||| FLEEEEING.
  4368 | D:5      | Reached skill level 1 in Invocations
  4400 | D:5      | Reached skill level 8 in Ranged Weapons
  4482 | D:5      | 4482 ||| UPGRADING to +0 helmet.
  4487 | D:5      | 4487 ||| READING scroll labelled OMODIPL QUWEA.
  4488 | D:5      | 4488 ||| READING scroll labelled BAWKAL DALEUM.
  4577 | D:6      | Noticed Blork the orc
  4578 | D:6      | 4578 ||| INVOKING Heroism.
  4581 | D:6      | Reached skill level 3 in Invocations
  4581 | D:6      | Reached XP level 8. HP: 39/48 MP: 6/10
  4593 | D:6      | 4593 ||| INVOKING Heroism.
  4598 | D:6      | Killed Blork the orc
  4628 | D:6      | 4628 ||| INVOKING Heroism.
  4723 | D:6      | 4723 ||| SWAPPING to +0 arbalest.
  4724 | D:6      | 4724 ||| DROPPING +1 shortbow.
  4817 | D:6      | 4817 ||| INVOKING Heroism.
  4855 | D:6      | Noticed Duvessa
  4856 | D:6      | 4856 ||| INVOKING Heroism.
  4859 | D:6      | Noticed Dowan
  4860 | D:6      | Killed Duvessa
  4865 | D:6      | Killed Dowan
  4866 | D:6      | Reached skill level 9 in Ranged Weapons
  4875 | D:6      | 4875 ||| RETREATING.
  4876 | D:6      | 4876 ||| INVOKING Heroism.
  4877 | D:6      | 4877 ||| Stepping ~*~*~tactically~*~*~ (retreating).
  4944 | D:6      | Found a white marble altar of Elyvilon.
  4956 | D:6      | 4956 ||| READING scroll of enchant armour.
  4956 | D:6      | 4956 ||| ENCHANTING +0 helmet.
  5286 | D:6      | 5286 ||| READING scroll labelled TIUTUTRETIUS.
  5287 | D:6      | 5287 ||| READING 4 scrolls of identify.
  5287 | D:6      | 5287 ||| IDENTIFYING cyan potion
  5288 | D:6      | 5288 ||| DROPPING potion of attraction.
  5302 | D:7      | 5302 ||| INVOKING Heroism.
  5303 | D:7      | 5303 ||| STAIRDANCE
  5319 | D:7      | 5319 ||| STAIRDANCE
  5334 | D:7      | 5334 ||| STAIRDANCE
  5336 | D:6      | 5336 ||| INVOKING Heroism.
  5342 | D:6      | Reached skill level 6 in Fighting
  5347 | D:6      | 5347 ||| INVOKING Heroism.
  5438 | D:7      | 5438 ||| STAIRDANCE
  5442 | D:6      | 5442 ||| INVOKING Heroism.
  5540 | D:7      | Reached skill level 3 in Dodging
  5556 | D:7      | 5556 ||| Stepping ~*~*~tactically~*~*~ (outnumbered).
  5558 | D:7      | 5558 ||| Stepping ~*~*~tactically~*~*~ (outnumbered).
  5560 | D:7      | 5560 ||| Stepping ~*~*~tactically~*~*~ (outnumbered).
  5633 | D:7      | 5633 ||| INVOKING Heroism.
  5642 | D:7      | HP: 11/51 [orc priest/nerve-wracking pain (6)]
  5643 | D:7      | 5643 ||| READING scroll of teleportation.
  5643 | D:7      | HP: 2/51 [orc priest/divine providence (9)]
  5644 | D:7      | 5644 ||| DRINKING potion of heal wounds.
  5795 | D:7      | Reached XP level 9. HP: 55/55 MP: 12/12
  5934 | D:7      | 5934 ||| INVOKING Heroism.
  6133 | D:7      | Found a shimmering altar of Xom.
  6133 | D:7      | Found a basalt altar of Yredelemnul.
  6278 | D:7      | 6278 ||| READING scroll of enchant armour.
  6278 | D:7      | 6278 ||| ENCHANTING +1 helmet.
  6403 | D:7      | 6403 ||| INVOKING Heroism.
  6533 | D:7      | 6533 ||| INVOKING Heroism.
  6693 | D:7      | 6693 ||| UPGRADING to scarf of repulsion.
  6703 | D:7      | 6703 ||| UPGRADING to +6 ring of strength.
  6704 | D:7      | 6704 ||| DROPPING ring of magical power.
  6705 | D:7      | 6705 ||| READING scroll labelled QURAOH MONUAWNA.
  6706 | D:7      | 6706 ||| READING 3 scrolls of identify.
  6706 | D:7      | 6706 ||| IDENTIFYING bubbling amethyst potion
  6761 | D:8      | Noticed Maurice
  6763 | D:8      | Noticed Psyche
  6764 | D:8      | Paralysed by Maurice for 5 turns
  6771 | D:8      | Killed Maurice
  6772 | D:8      | Reached skill level 10 in Ranged Weapons
  6772 | D:8      | 6772 ||| INVOKING Heroism.
  6774 | D:8      | 6774 ||| READING scroll of teleportation.
  6775 | D:8      | Killed Psyche
  6885 | D:8      | 6885 ||| RETREATING.
  6953 | D:8      | 6953 ||| RETREATING.
  6957 | D:8      | 6957 ||| Stepping ~*~*~tactically~*~*~ (retreating).
  6960 | D:8      | Reached skill level 11 in Ranged Weapons
  6965 | D:8      | 6965 ||| INVOKING Heroism.
  7124 | D:8      | Noticed Prince Ribbit
  7125 | D:8      | 7125 ||| INVOKING Heroism.
  7126 | D:8      | Noticed a hornet
  7127 | D:8      | 7127 ||| RETREATING.
  7130 | D:8      | 7130 ||| Stepping ~*~*~tactically~*~*~ (retreating).
  7131 | D:8      | 7131 ||| Stepping ~*~*~tactically~*~*~ (retreating).
  7140 | D:8      | 7140 ||| INVOKING Heroism.
  7143 | D:8      | Noticed a hornet
  7144 | D:8      | 7144 ||| Stepping ~*~*~tactically~*~*~ (retreating).
  7144 | D:8      | Noticed Joseph
  7147 | D:8      | HP: 12/57 [killer bee (6)]
  7149 | D:8      | HP: 4/57 [killer bee (8)]
  7151 | D:8      | Slain by a killer bee

Levels and vault maps discovered:
D:1:      dpeg_arrival_rooms_with_view, layout_loops_ring,
          grunt_decor_mini_mirrors, minmay_misc_feat_ornament,
          minmay_parallelograms
D:2:      layout_loops_ring
D:3:      layout_basic, serial_rivers, chequers_serial_rivers_marsh,
          chequers_serial_rivers_large_a, chequers_serial_rivers_small_3,
          chequers_serial_rivers_micro_c, chequers_serial_rivers_marsh
D:4:      layout_cave_pods, minmay_goblin_kobold_house
D:5:      layout_loops_ring, temple_fountains,
          lightli_ossuary_entry_decrepit_ruins
D:6:      layout_basic, elyvilon_altar_3, uniq_duvessa, uniq_blork_the_orc
D:7:      layout_basic, gammafunk_temple_overflow_statue
D:8:      minmay_four_partial_circles, layout_basic, serial_shops,
          nicolae_shop_getting_attention, uniq_psyche, uniq_prince_ribbit1,
          uniq_joseph, uniq_maurice
Temple:   nicolae_temple_bog_church

Skill      XL: |  1  2  3  4  5  6  7  8  9 |
---------------+----------------------------+-----
Armour         | 1 |  1.0
Ranged Weapons | 5 6 7 8 9 11 | 11.0
Fighting       | 3 4 6 7 |  7.4
Dodging        | 2 3 4 |  4.0
Invocations    | 3 4 |  4.0
Stealth        | |  1.1

Action                     |  1- 3 |  4- 6 |  7- 9 || total
---------------------------+-------+-------+-------++-------
  Melee: Unarmed           |       |       |     1 ||     1
   Fire: Shortbow          |   161 |   212 |   175 ||   548
         Arbalest          |       |       |   195 ||   195
 Invoke: Heroism           |       |       |    18 ||    18
    Use: Scroll            |     8 |     4 |    10 ||    22
         Potion            |     1 |     1 |     1 ||     3
 Armour: Leather armour    |    16 |       |       ||    16
         Ring mail         |    21 |    49 |       ||    70
         Robe              |       |    13 |   181 ||   194
  Dodge: Dodged            |    36 |    48 |   190 ||   274

Table legend:
 A = Non-vault XP
 B = Vault XP
 C = Vault XP percentage of total XP
 D = Non-vault monster count
 E = Vault monster count
 F = Vault count percentage of total count
                 A         B        C        D         E       F
            +---------+---------+-------+---------+---------+-------
      Total |    3176 |    1332 |  29.5 |     149 |      32 |  17.7
            +---------+---------+-------+---------+---------+-------
        D:1 |      18 |       3 |  14.3 |      11 |       2 |  15.4
        D:2 |      30 |       0 |   0.0 |      18 |       0 |   0.0
        D:3 |      67 |       0 |   0.0 |      26 |       0 |   0.0
        D:4 |     354 |       6 |   1.7 |      14 |       3 |  17.6
        D:5 |     617 |       0 |   0.0 |      17 |       0 |   0.0
        D:6 |     778 |     308 |  28.4 |      30 |       3 |   9.1
        D:7 |     487 |       0 |   0.0 |      20 |       0 |   0.0
        D:8 |     825 |     995 |  54.7 |      13 |       4 |  23.5
    Ossuary |       0 |      20 | 100.0 |       0 |      20 | 100.0
            +---------+---------+-------+---------+---------+-------
